 Dungeon Crawl Stone Soup version 0.22-a0-455-ga0624bf (webtiles) character file.

449 KristoblXynda the Slasher (level 6, -5/48 HPs)
             Began as a Draconian Gladiator on June 5, 2018.
             Killed from afar by an orc wizard (7 damage)
             ... with a magic dart
             ... on level 3 of the Dungeon.
             The game lasted 00:06:45 (3374 turns).

KristoblXynda the Slasher (Draconian Gladiator)     Turns: 3374, Time: 00:06:46

Health: -5/48      AC:  7    Str: 13 (16) XL:     6   Next: 74%
Magic:  0/6        EV: 13    Int: 10 (11) God:
Gold:   112        SH:  4    Dex: 11 (12) Spells: 5/5 levels left

rFire    . . .     SeeInvis .   a - +0 long sword
rCold    . . .     Gourm    .   h - +0 buckler
rNeg     . . .     Faith    .   (armour unavailable)
rPois    .         Spirit   +   b - +0 hat
rElec    .         Reflect  .   (no cloak)
rCorr    .         Harm     .   n - +0 pair of gloves
MR       .....                  (no boots)
Stlth    +.........             t - amulet of guardian spirit
HPRegen  0.16/turn              (no ring)
MPRegen  0.10/turn              (no ring)

@: no status effects
A: unfitting armour, cold-blooded, AC +6
a: no special abilities


You were on level 3 of the Dungeon.
You were not hungry.

You visited 1 branch of the dungeon, and saw 3 of its levels.

You collected 112 gold pieces.

Inventory:

Hand Weapons
 a - a +0 long sword (weapon)
Missiles
 c - 4 throwing nets (quivered)
Armour
 b - a +0 hat (worn)
 h - a +0 buckler (worn)
 n - a +0 pair of gloves (worn)
Jewellery
 o - an uncursed ring of stealth {unknown}
 t - an amulet of guardian spirit (around neck)
Scrolls
 e - a scroll of random uselessness {unknown}
 m - a scroll of blinking
Potions
 f - a potion of ambrosia
 g - 2 potions of brilliance {unknown}
 i - a potion of invisibility {unknown}
 j - a potion of mutation {unknown}
 l - a potion of magic
 p - a potion of berserk rage {unknown}
Comestibles
 d - 15 rations
 k - 7 chunks of flesh


   Skills:
 - Level 2.1 Fighting
 * Level 5.6 Long Blades
 + Level 2.7 Throwing
 + Level 4.1 Dodging
 + Level 2.7 Shields


You had 5 spell levels left.
You didn't know any spells.
Your spell library was empty.

Dungeon Overview and Level Annotations

Branches:
Dungeon (3/15)

Altars:


Innate Abilities, Weirdness & Mutations

Your plain brown scales are hard. (AC +6)
You cannot fit into any form of body armour.
You are cold-blooded and may be slowed by cold attacks.


Message History

Something hits you but does no damage.
You barely miss something. Something hits you.
* * * LOW HITPOINT WARNING * * *
You hear some strange, mumbled words.
A puff of frost appears from out of thin air!
The puff of frost hits you!
* * * LOW HITPOINT WARNING * * *
You barely miss something. Something hits you.
* * * LOW HITPOINT WARNING * * *
Something hits you.
* * * LOW HITPOINT WARNING * * *
Unknown command.
Throwing (i - inventory)
c - 5 throwing nets (quivered)
Press: ? - help, Shift-Dir - straight line You throw a throwing net.
The throwing net hits the orc.
The orc is caught in the net!
You hear some strange, mumbled words.
A magic dart appears from out of thin air!
The magic dart hits you!
You die...

#.##.# #.# #.##)# #.#
#.##.# ########.##
#.##.###### #.>........
#.........###.###..####
####.####...).# #..####
#.# #####(###..##..
#.########(.....##..
#..@{o...)#####.##..
#######...# #.....
#...# ###... #..o# #.#.
#...# #... #...# ##.#
#...########.#
...........#..
.............


You could see an orc (caught).

Vanquished Creatures
  The ghost of KristoblXynda the Slasher, an amateur NaGl (D:3)
  A bullfrog (D:2)
  A scorpion (D:3)
  4 gnolls
  6 adders
  An ooze (D:2)
  An adder zombie (D:3)
  2 worms (D:2)
  3 leopard geckos
  7 orcs (D:3)
  10 bats
  5 giant cockroaches
  6 goblins
  7 hobgoblins
  7 jackals
  2 quokkas (D:2)
  A ball python (D:2)
  5 frilled lizards
  14 kobolds
  5 rats
89 creatures vanquished.

Notes
Turn   | Place    | Note
-------+----------+-------------------------------------------
     0 | D:1      | KristoblXynda the Draconian Gladiator began the quest for the Orb.
     0 | D:1      | Reached XP level 1. HP: 17/17 MP: 1/1
   121 | D:1      | Reached XP level 2. HP: 20/24 MP: 2/2
   641 | D:1      | Reached XP level 3. HP: 29/29 MP: 3/3
   827 | D:2      | Reached skill level 4 in Long Blades
  1112 | D:2      | Reached skill level 1 in Shields
  1112 | D:2      | Reached XP level 4. HP: 34/36 MP: 4/4
  1987 | D:2      | Reached XP level 5. HP: 31/41 MP: 5/5
  2423 | D:2      | Reached skill level 5 in Long Blades
  2621 | D:3      | Reached XP level 6. HP: 36/48 MP: 6/6
  2926 | D:3      | Noticed KristoblXynda's ghost (amateur NaGl)
  2995 | D:3      | Killed KristoblXynda's ghost
  3373 | D:3      | HP: 2/48 [something (1)]
  3374 | D:3      | Killed from afar by an orc wizard

Vault maps used:
D:1:      dpeg_arrival_boxorama
D:2:      cheibrodos_old_hovel, first_ration, minmay_goblin_kobold_house

Skill      XL: |  1  2  3  4  5  6 |
---------------+-------------------+-----
Throwing       | 2 |  2.7
Dodging        | 3 4 |  4.1
Long Blades    | 4 5 |  5.6
Shields        | 1 2 |  2.7
Fighting       | |  2.1

Action                   |  1- 3 |  4- 6 || total
-------------------------+-------+-------++-------
Melee: Long sword        |    90 |   207 ||   297
       Tailslap          |    14 |    38 ||    52
Throw: Throwing net      |       |     2 ||     2
  Use: Scroll            |       |     2 ||     2
       Potion            |       |     9 ||     9
 Stab: Sleeping          |       |     1 ||     1
  Eat: Chunk             |     1 |     7 ||     8
Armor: Skin              |    26 |    60 ||    86
Dodge: Dodged            |    67 |   139 ||   206
Block: Buckler           |     6 |    41 ||    47
       Rpst.: Long sword |    19 |    48 ||    67

Table legend:
 A = Spawn XP
 B = Non-spawn XP
 C = Spawn XP percentage of total XP
 D = Spawn monster count
 E = Non-spawn monster count
 F = Spawn count percentage of total count
 G = Total turns spent on level
                    A         B        C        D         E        F      G
               +---------+---------+-------+---------+---------+-------+---------
         Total |       0 |     642 |   0.0 |       0 |      89 |   0.0 |  3374
               +---------+---------+-------+---------+---------+-------+---------
           D:1 |       0 |      56 |   0.0 |       0 |      24 |   0.0 |  1093
           D:2 |       0 |     268 |   0.0 |       0 |      43 |   0.0 |  1712
           D:3 |       0 |     318 |   0.0 |       0 |      22 |   0.0 |   569
               +---------+---------+-------+---------+---------+-------+---------
